 Dungeon Crawl Stone Soup version 0.18-a0-1624-g19ad93e (webtiles) character file.

369 Oddball22 the Caller (level 6, -9/35 HPs)
             Began as a Deep Elf Summoner on Mar 24, 2016.
             Mangled by Duvessa
             ... wielding a +0 short sword
              (12 damage)
             ... on level 4 of the Dungeon.
             The game lasted 00:14:01 (3985 turns).

Oddball22 the Caller (Deep Elf Summoner)            Turns: 3985, Time: 00:14:02

Health: -9/35      AC: 10    Str:  5    XL:     6   Next: 41%
Magic:  10/15      EV: 14    Int: 27    God:
Gold:   172        SH:  0    Dex: 15    Spells: 5 memorised, 2 levels left

rFire  . . .     SeeInvis .     k - +0 club
rCold  + . .     Gourm    .     x - +1 robe {rC+}
rNeg   . . .     Faith    .     (no shield)
rPois  +         Spirit   .     w - +0 helmet
rElec  .         Dismiss  .     (no cloak)
rCorr  .         Reflect  .     (no gloves)
SustAt .         Harm     .     e - +2 pair of boots
MR     .....                    d - amulet of magic regeneration
Stlth  ++........               y - ring of poison resistance
                                g - +3 ring of protection

@: brilliant, very slightly contaminated, not resistant to hostile enchantments,
unstealthy
A: no striking features
a: no special abilities


You were on level 4 of the Dungeon.
You were not hungry.

You visited 1 branch of the dungeon, and saw 4 of its levels.

You collected 172 gold pieces.

Inventory:

Hand Weapons
 k - a +0 club (weapon)
 r - a +3 dagger of holy wrath
Armour
 e - a +2 pair of boots (worn)
 w - a +0 helmet (worn)
 x - a +1 robe of cold resistance (worn)
 C - a +0 buckler
Jewellery
 a - an uncursed amulet of guardian spirit {unknown}
 d - an amulet of magic regeneration (around neck)
 g - a +3 ring of protection (left hand)
 y - a ring of poison resistance (right hand)
 A - an uncursed ring of ice
Wands
 z - a wand of disintegration (0/24)
Scrolls
 i - a scroll of enchant weapon
 l - 5 scrolls of teleportation
 o - 3 scrolls of remove curse
 p - a scroll of immolation {unknown}
 t - a scroll of magic mapping {unknown}
 E - a scroll of noise {unknown}
Potions
 f - a potion of lignification {unknown}
 h - 2 potions of brilliance
 m - 2 potions of cure mutation
 n - a potion of curing {unknown}
 s - a potion of magic {unknown}
 u - 3 potions of resistance {unknown}
 B - 2 potions of heal wounds {unknown}
 D - a potion of mutation {unknown}
 F - a potion of beneficial mutation {unknown}
Books
 b - a book of Callings

   Spells                             Type                      Level
   a - Summon Small Mammal            Summoning                    1
   b - Call Imp                       Summoning                    2
   c - Call Canine Familiar           Summoning                    3
   d - Summon Guardian Golem          Hexes/Summoning              3
   e - Summon Lightning Spire         Summoning/Air                4
   f - Summon Ice Beast               Ice/Summoning                4
Comestibles
 c - 4 bread rations
 j - 11 fruits
 q - 2 slices of pizza
 v - a meat ration
 G - a chunk of flesh


   Skills:
 - Level 1.8 Fighting
 + Level 4.1 Dodging
 - Level 2.4 Stealth
 + Level 0.0 Shields
 + Level 5.1 Spellcasting
 * Level 6.4 Summonings
 + Level 0.4 Air Magic


You had 2 spell levels left.
You knew the following spells:

 Your Spells              Type           Power        Failure   Level  Hunger
a - Summon Small Mammal   Summ           ####         1%          1    None
b - Call Imp              Summ           ######..     1%          2    None
c - Call Canine Familiar  Summ           ######..     1%          3    #......
d - Summon Guardian Gole  Hex/Summ       #####...     1%          3    #......
e - Summon Lightning Spi  Summ/Air       #####...     2%          4    ###....


Dungeon Overview and Level Annotations

Branches:
Dungeon (4/15)
 Temple: D:4-7

Altars:
Cheibriados
Elyvilon
Okawaru
Pakellas
Xom
Zin

Annotations:
D:4 Duvessa


Message History

Duvessa misses you.
Your hound bites Duvessa but does no damage.
Your hound misses Duvessa.
Duvessa hits your hound with a short sword!
Your hound dies!
Your hound's corpse disappears in a puff of smoke!
Duvessa shouts!
You hit Duvessa but do no damage.
Duvessa is almost dead.
Duvessa hits you with a short sword! x2
* * * LOW HITPOINT WARNING * * *
Drink which item? (? for menu, Esc to quit)
It was a potion of brilliance.
You feel clever all of a sudden. Duvessa closely misses you.
Duvessa hits you with a short sword.
* * * LOW HITPOINT WARNING * * *
Drink which item? (? for menu, Esc to quit)
It was a potion of cure mutation.
It has a very clean taste.
Duvessa hits you with a short sword!
You die...

........## ##.......## ##.#....
.###.#.## ##.....## ###..#. .#
#.#.# ##...## #..#. .# #.#.#
##'## #.... <# #...# ###.#####
##.## h# ##..# #.......# #.# .#
#..# #....#..# #.# .####..#
#.....#.# #.# .......#
######e@...#.########.#
#####....).....................#
#######.......##########
#########


You could see Duvessa (berserk).

Vanquished Creatures
  Grinder (D:4)
  A hound (D:4)
  An ooze (D:1)
  A dart slug (D:3)
  A giant gecko (D:2)
  A giant cockroach (D:3)
  2 hobgoblins (D:2)
  4 jackals (D:4)
  A ball python (D:4)
  5 bats
  A giant newt (D:1)
  A goblin (D:2)
  3 rats
23 creatures vanquished.

Vanquished Creatures (collateral kills)
  Dowan (D:4)
  A howler monkey (D:4)
  2 orc priests (D:4)
  2 orc wizards (D:4)
  A worker ant (D:4)
  Robin (D:2)
  4 adders
  2 worms (D:2)
  2 dart slugs
  A giant gecko (D:4)
  4 orcs (D:4)
  2 giant cockroaches (D:1)
  11 goblins
  7 hobgoblins
  3 jackals (D:4)
  4 kobolds (D:2)
  A quokka (D:2)
  A bat (D:1)
50 creatures vanquished.

Grand Total: 73 creatures vanquished

Notes
Turn   | Place    | Note
--------------------------------------------------------------
     0 | D:1      | Oddball22 the Deep Elf Summoner began the quest for the Orb.
     0 | D:1      | Reached XP level 1. HP: 10/10 MP: 6/6
   302 | D:1      | Reached XP level 2. HP: 15/15 MP: 8/8
   316 | D:1      | Learned a level 2 spell: Call Imp
   682 | D:2      | Noticed Robin
   763 | D:2      | Reached XP level 3. HP: 3/20 MP: 8/10
  1275 | D:2      | Reached skill level 5 in Summonings
  1330 | D:2      | Learned a level 3 spell: Call Canine Familiar
  1334 | D:2      | Learned a level 3 spell: Summon Guardian Golem
  1441 | D:2      | Found a glowing silver altar of Zin.
  1441 | D:2      | Found a shimmering altar of Xom.
  1441 | D:2      | Noticed an angel
  1631 | D:2      | Killed Robin
  1631 | D:2      | Reached skill level 1 in Fighting
  2174 | D:3      | Reached XP level 4. HP: 25/25 MP: 12/12
  2238 | D:3      | Found an iron altar of Okawaru.
  2488 | D:3      | Noticed a centaur
  2686 | D:4      | Noticed Dowan
  2735 | D:3      | Found an oddly glowing altar of Pakellas.
  2851 | D:4      | Noticed Duvessa
  3119 | D:4      | Noticed Grinder
  3155 | D:4      | Killed Grinder
  3155 | D:4      | Reached skill level 5 in Spellcasting
  3155 | D:4      | Reached skill level 6 in Summonings
  3155 | D:4      | Reached XP level 5. HP: 19/30 MP: 9/14
  3155 | D:4      | Reached XP level 6. HP: 22/35 MP: 9/15
  3163 | D:4      | Learned a level 4 spell: Summon Lightning Spire
  3923 | D:4      | Found a white marble altar of Elyvilon.
  3924 | D:4      | Found a snail-covered altar of Cheibriados.
  3972 | D:4      | Killed Dowan
  3985 | D:4      | Mangled by Duvessa

Vault maps used:
D:1:      zaba_arrival_water
D:2:      grunt_temple_overflow_order_and_chaos_1, dk_vineyard_2, uniq_robin
D:3:      nicolae_overflow_crystal_walls, grunt_pakellas_mercury
D:4:      gammafunk_temple_overflow_statue, first_bread,
          minmay_misc_feat_square, kennysheep_generic_room_12, uniq_duvessa,
          uniq_grinder, uniq_crazy_yiuf_cottage

Skill      XL: |  1  2  3  4  5  6 |
---------------+-------------------+-----
Summonings     | 5 6 |  6.4
Spellcasting   | 4 5 |  5.1
Fighting       | 1 |  1.8
Dodging        | 3 4 |  4.1
Stealth        | |  2.4
Air Magic      | |  0.4

Action                   |  1- 3 |  4- 6 || total
-------------------------+-------+-------++-------
Melee: Club              |    96 |    59 ||   155
       Unarmed           |     7 |       ||     7
 Cast: Summon Small Mamm |    26 |     4 ||    30
       Call Imp          |     5 |       ||     5
       Call Canine Famil |     5 |    10 ||    15
       Summon Lightning  |       |     3 ||     3
Evoke: Wand              |       |     2 ||     2
  Use: Scroll            |       |     4 ||     4
       Potion            |       |     2 ||     2
 Stab: Sleeping          |     1 |     1 ||     2
  Eat: Chunk             |     4 |     7 ||    11
